Map: Magma Mines

Players

Nerchio - Winner!

  • Race: Zerg Zerg
  • Spawn Location: 9:00

RNGeus

  • Race: Zerg Zerg
  • League: Master
  • Spawn Location: 3:00

Goosejuice

  • Race: Terran Terran
  • League: Master
  • Spawn Location: 1:00

Elazer - Winner!

  • Race: Zerg Zerg
  • League: Master
  • Spawn Location: 11:00

VOD

Have the link to the VOD?

Description

Time

  • Played on: Aug. 23, 2016, 12:51 p.m.
  • Length: 5:29
Show
View Real Time Build Order
Export as new Build Order

Nerchio Zerg - Winner!

Build Orders: Hatch First 

Get SALT Encoding   

  12  0:00  Drone  
  13  0:13  Overlord  
  13  0:18  Drone  
  14  0:31  Drone x2  
  14  0:35  Drone  
  17  0:54  Hatchery  
  16  0:57  Drone  
  16  1:02  Drone  
  18  1:09  Extractor  
  17  1:18  Spawning Pool  
  17  1:24  Drone  
  18  1:25  Drone  
  18  1:28  Drone  
  19  1:39  Overlord  
  19  2:05  Queen  
  19  2:06  Queen  
  19  2:08  Metabolic Boost  
  23  2:13  Drone  
  24  2:17  Drone  
  24  2:22  Zergling x2  
  26  2:23  Zergling x2  
  26  2:25  Zergling x2  
  26  2:28  Zergling x2  
  29  2:31  Zergling x2  
  30  2:39  Zergling x4  
  32  2:54  Zergling x2  
  32  2:56  Zergling x2  
  32  2:58  Hatchery  
  33  3:02  Overlord  
  33  3:05  Zergling x2  
  34  3:12  Zergling x4  
  36  3:17  Overlord  
  36  3:20  Zergling x2  
  36  3:21  Zergling x2  
  36  3:26  Zergling x4  
  40  3:27  Zergling x2  
  41  3:37  Zergling x2  
  41  3:38  Zergling x2  
  41  3:39  Zergling x2  
  44  3:42  Zergling x2  
  44  3:46  Zergling x4  
  44  3:47  Zergling x2  
  48  3:50  Zergling x4  
  48  3:57  Zergling x2  
  48  3:58  Zergling x2  
  48  3:59  Zergling x2  
  48  4:02  Zergling x2  
  49  4:04  Zergling x2  
  49  4:10  Zergling x2  
  49  4:13  Zergling x2  
  49  4:14  Zergling x2  
  50  4:18  Zergling x4  
  50  4:22  Zergling x4  
  54  4:25  Zergling x2  
Show
View Real Time Build Order
Export as new Build Order

RNGeus Zerg 

Build Orders: Hatch First 

Get SALT Encoding   

  12  0:01  Drone  
  13  0:13  Overlord  
  13  0:17  Drone  
  14  0:21  Extractor  
  14  0:24  Drone  
  15  0:31  Drone  
  16  0:36  Drone  
  17  0:46  Drone  
  18  1:00  Hatchery  
  17  1:08  Drone x2  
  19  1:11  Extractor  
  18  1:20  Spawning Pool  
  18  1:23  Drone  
  18  1:33  Drone  
  19  1:40  Drone  
  20  1:50  Drone  
  21  2:01  Drone  
  22  2:11  Queen  
  22  2:14  Overlord  
  22  2:15  Queen  
  26  2:17  Drone  
  27  2:23  Drone  
  27  2:25  Overlord  
  28  2:34  Drone  
  28  2:35  Drone  
  30  2:40  Roach Warren  
  30  2:43  Overlord  
  29  2:47  Drone  
  30  2:52  Lair  
  30  2:54  Drone  
  31  3:02  Queen  
  33  3:19  Overlord  
  33  3:20  Roach x2  
  33  3:21  Roach  
  39  3:28  Drone, Zergling x4  
  39  3:29  Drone  
  39  3:32  Extractor, Drone  
  43  3:38  Overlord  
  43  3:42  Roach  
  43  3:48  Roach x2  
  49  3:51  Roach  
  51  3:58  Roach  
  51  3:59  Roach  
  51  4:00  Roach  
  55  4:03  Roach  
  43  4:12  Roach  
Show
View Real Time Build Order
Export as new Build Order

Goosejuice Terran 

Build Orders:  

Get SALT Encoding   

  12  0:23  SCV  
  13  0:30  Supply Depot  
  13  0:35  SCV  
  14  0:42  Refinery  
  14  0:47  SCV  
  15  0:54  Barracks  
  15  0:59  SCV  
  16  1:11  SCV  
  17  1:25  Command Center  
  17  1:27  SCV  
  18  1:41  Orbital Command, Marine  
  19  1:51  Factory  
  19  1:55  Refinery  
  19  1:59  Marine  
  20  2:04  Supply Depot  
  20  2:09  SCV  
  21  2:16  Marine  
  21  2:21  SCV  
  23  2:33  SCV  
  23  2:34  Starport, Widow Mine  
  23  2:35  Barracks Reactor  
  26  2:42  Orbital Command  
  26  2:45  SCV  
  27  2:55  Bunker  
  27  2:57  SCV  
  28  3:03  Widow Mine  
  30  3:09  SCV  
  30  3:10  SCV  
  32  3:19  Medivac  
  34  3:21  SCV  
  34  3:22  SCV  
  34  3:23  Supply Depot, Marine x2  
  38  3:33  SCV, Widow Mine  
  38  3:34  SCV  
  42  3:38  Supply Depot  
  42  3:45  SCV  
  42  3:46  SCV  
  44  3:49  Marine x2  
  46  3:57  SCV  
  46  4:02  Widow Mine  
  41  4:04  SCV  
  41  4:06  Medivac  
  41  4:07  Marine x2  
  41  4:12  SCV  
Show
View Real Time Build Order
Export as new Build Order

Elazer Zerg - Winner!

Build Orders: Pool First, Ravager All-In 

Get SALT Encoding   

  12  0:00  Drone  
  13  0:12  Overlord  
  13  0:20  Drone  
  14  0:31  Drone x2  
  14  0:35  Drone  
  17  0:45  Extractor  
  17  0:47  Spawning Pool  
  15  0:51  Drone  
  15  0:56  Drone  
  17  1:19  Hatchery  
  17  1:20  Drone  
  17  1:30  Drone  
  18  1:35  Queen  
  20  1:45  Metabolic Boost  
  20  1:47  Drone  
  20  1:51  Drone  
  22  2:01  Roach Warren  
  21  2:09  Overlord  
  21  2:15  Overlord  
  21  2:23  Zergling x2  
  22  2:32  Zergling x4  
  24  2:43  Roach x4  
  32  2:49  Roach  
  34  2:54  Roach  
  36  2:58  Zergling x2  
  36  2:59  Zergling x2  
  36  3:04  Roach  
  40  3:16  Overlord  
  40  3:19  Ravager  
  40  3:20  Zergling x4  
  40  3:25  Zergling x2  
  40  3:26  Zergling x2  
  44  3:35  Zergling x6  
  44  3:37  Ravager x2  
  44  3:39  Ravager  
  50  3:42  Ravager  
  50  3:45  Zergling x2  
  52  4:01  Zergling x8  
  51  4:03  Zergling x2  
Tags
 
Add a new tag
Caveats
  • Supply blocks, unpowered buildings, or Contaminate may cause inaccurate times.
  • Supply counts are checked every 10 seconds.